 Dungeon Crawl Stone Soup version 0.23.1 (webtiles) character file.

Game seed: 6457603159148482194

55372 vishdafish the Blocker (level 14, -15/113 HPs)
             Began as a Gnoll Fighter on Mar 3, 2019.
             Was an Initiate of Gozag.
             Demolished by an orc knight
             ... wielding a +0 great mace
              (31 damage)
             ... on level 1 of the Orcish Mines.
             The game lasted 00:30:06 (20084 turns).

vishdafish the Blocker (Gnoll Fighter)             Turns: 20084, Time: 00:30:06

Health: -15/113    AC: 24    Str: 28    XL:     14   Next: 77%
Magic:  27/27      EV: 12    Int: 11    God:    Gozag
Gold:   1177       SH: 13    Dex: 15    Spells: 31/31 levels left

rFire    . . .     SeeInvis +   S - +3 war axe (flame)
rCold    . . .     Gourm    .   c - +0 shield
rNeg     . . .     Faith    .   u - +4 plate armour
rPois    .         Spirit   .   (no helmet)
rElec    .         Reflect  .   l - +0 cloak
rCorr    .         Harm     .   (no gloves)
MR       ++...                  D - +2 pair of boots
Stlth    ..........             p - amulet of magic regeneration
HPRegen  0.28/turn              i - ring of protection from magic
MPRegen  0.45/turn              m - ring of see invisible

@: mighty, gold aura
A: distributed training, fangs 1, strong nose
a: Potion Petition, Call Merchant, Bribe Branch, Renounce Religion


You were on level 1 of the Orcish Mines.
You worshipped Gozag.
Gozag was most pleased with you.
You were near starving.

You visited 4 branches of the dungeon, and saw 20 of its levels.

You collected 4697 gold pieces.
You spent 888 gold pieces at shops.
You paid 2632 gold pieces to Gozag.

Inventory:

Hand Weapons
 a - a +0 long sword
 w - a +2 dagger of venom
 O - a +3 scimitar
 S - a +3 war axe of flaming (weapon)
 U - a +2 double sword of protection
Missiles
 B - 6 javelins (quivered)
 V - 7 steel javelins
Armour
 b - a +0 scale mail
 c - a +0 shield (worn)
 l - a +0 cloak (worn)
 u - a +4 plate armour (worn)
 D - a +2 pair of boots (worn)
Jewellery
 i - a ring of protection from magic (left hand)
 j - an uncursed ring of resist corrosion
 m - a ring of see invisible (right hand)
 p - an amulet of magic regeneration (around neck)
 H - the ring "Zocaicun" {Int-2 Dex+3}
   (You bought it in a shop on level 8 of the Dungeon)

   [ring of intelligence]

   It affects your intelligence (-2).
   It affects your dexterity (+3).
 R - an uncursed ring of protection from magic
 X - an uncursed ring of positive energy {unknown}
Wands
 e - a wand of random effects (47)
 y - a wand of enslavement (12)
 C - a wand of polymorph (17)
 G - a wand of paralysis (10)
 Q - a wand of flame (24)
 Z - a wand of digging (8)
Scrolls
 g - 4 scrolls of enchant weapon
 h - 6 scrolls of teleportation
 q - 5 scrolls of remove curse
 s - 6 scrolls of enchant armour
 t - 5 scrolls of blinking
 x - 9 scrolls of identify
 A - a scroll of fog
 F - 4 scrolls of amnesia
 I - 4 scrolls of vulnerability
 J - a scroll of random uselessness {unknown}
 L - a scroll of magic mapping
 N - a scroll of noise {unknown}
 W - a scroll of brand weapon {unknown}
 Y - a scroll of immolation {unknown}
Potions
 d - 3 potions of heal wounds
 n - 4 potions of magic
 o - 2 potions of resistance
 r - a potion of might
 v - 3 potions of degeneration
 z - 4 potions of ambrosia
 E - a potion of cancellation {unknown}
 K - 3 potions of brilliance
 M - a potion of flight {unknown}
 P - 2 potions of curing
 T - 2 potions of lignification {unknown}
Comestibles
 f - 16 rations


   Skills:
 + Level 11.2 Fighting
 + Level 9.3 Short Blades
 + Level 10.3 Long Blades
 + Level 9.3 Axes
 + Level 9.3 Maces & Flails
 + Level 9.3 Polearms
 + Level 9.3 Staves
 + Level 9.3 Slings
 + Level 9.3 Bows
 + Level 9.3 Crossbows
 + Level 9.3 Throwing
 + Level 11.2 Armour
 + Level 9.3 Dodging
 + Level 9.3 Stealth
 + Level 11.2 Shields
 + Level 9.3 Unarmed Combat
 + Level 9.3 Spellcasting
 + Level 7.8 Conjurations
 + Level 7.8 Hexes
 + Level 7.8 Charms
 + Level 7.8 Summonings
 + Level 7.8 Necromancy
 + Level 7.8 Translocations
 + Level 7.8 Transmutations
 + Level 7.8 Fire Magic
 + Level 7.8 Ice Magic
 + Level 7.8 Air Magic
 + Level 7.8 Earth Magic
 + Level 7.8 Poison Magic
 + Level 10.1 Invocations
 + Level 9.3 Evocations


You had 31 spell levels left.
You didn't know any spells.
Your spell library contained the following spells:

 Spells                   Type           Power        Failure   Level  Hunger
 Beastly Appendage        Tmut           ###...       7%          1    None
 Infusion                 Chrm           ###.         7%          1    None
 Magic Dart               Conj           ###.         7%          1    None
 Sting                    Conj/Pois      ###.         7%          1    None
 Poisonous Vapours        Pois/Air       ###...       10%         2    None
 Searing Ray              Conj           ###...       10%         2    None
 Shroud of Golubria       Chrm/Tloc      ###.......   10%         2    None
 Song of Slaying          Chrm           ###.....     10%         2    None
 Sticks to Snakes         Tmut           ###.....     10%         2    None
 Conjure Flame            Conj/Fire      ###.....     21%         3    ##.....
 Dazzling Spray           Conj/Hex       ###...       21%         3    ##.....
 Mephitic Cloud           Conj/Pois/Air  ###.....     21%         3    ##.....
 Regeneration             Chrm/Necr      ###.......   21%         3    ##.....
 Spectral Weapon          Hex/Chrm       ###.....     21%         3    ##.....
 Spider Form              Tmut/Pois      ###.......   21%         3    ##.....
 Force Lance              Conj/Tloc      ###.....     54%         4    ####...
 Fulminant Prism          Conj/Hex       ###.......   54%         4    ####...
 Ice Form                 Ice/Tmut       ###.....     54%         4    ####...
 Iskenderun's Mystic Bla  Conj           ###.....     54%         4    ####...
 Olgreb's Toxic Radiance  Pois           ###.....     54%         4    ####...
 Blade Hands              Tmut           ###.......   88%         5    #####..
 Venom Bolt               Conj/Pois      ###.......   88%         5    #####..
 Freezing Cloud           Conj/Ice/Air   ###.......   100%        6    #######
 Ring of Flames           Chrm/Fire      ###.......   100%        7    #######


Dungeon Overview and Level Annotations

Branches:
Dungeon (12/15)            Temple (1/1) D:7            Lair (6/6) D:9
  Swamp (0/4) Lair:4        Snake (0/4) Lair:3        Slime (0/5) Lair:5
    Orc (1/2) D:10

Altars:
Ashenzari
Cheibriados
Dithmenos
Elyvilon
Fedhas
Gozag
Hepliaklqana
Kikubaaqudgha
Makhleb
Nemelex Xobeh
Okawaru
Qazlal
Ru
Sif Muna
Trog
Uskayaw
Vehumet
Wu Jian
Xom
Yredelemnul
Zin
The Shining One
Jiyva

Shops:
D:8 *?:   D:9 *   D:10 [%   Orc:1 }   Lair:5 *(*

Annotations:
D:9 3 runed translucent doors, DungeonDestroyer's ghost, novice MiFi


Innate Abilities, Weirdness & Mutations

Your experience applies equally to all skills.
You have very sharp teeth.
Your uncanny sense of smell can sniff out nearby items.


Message History

You closely miss the orc. You bite the orc.
You kill the orc!
You hit the orc knight. You burn the orc knight. You slice the orc priest!!
You burn the orc priest.
You kill the orc priest!
You slash the orc wizard! You burn the orc wizard. You slash the orc warrior!
You burn the orc warrior.
The orc wizard looks braver for a moment.
The orc knight hits you with a +0 great mace!!
* * * LOW HITPOINT WARNING * * *
The warg becomes distracted by the nearby gold, dreaming of imaginary riches.
The orc knight roars a battlecry!
The orcs go into a battle-frenzy!
You block the orc warrior's attack. The orc wizard casts a spell at you.
The magic dart hits you.
* * * LOW HITPOINT WARNING * * *
The orc knight hits you with a +0 great mace!!
You die...
Your body crumbles into a pile of gold.

.##....$#........
...............$..
.........#...#..#.....
.........#o......#.$.... .
......>.................
..#............##.........
##. #.....$o..............
#...#....oo.......$..#.#..
..^......@oo..............
#.......T#....$...........
#......<.$#.....$....#..
##....#$$.$#......#...#
##..$.h#$#.∩....#.#.##
........##.........##
.##.##... ##....##.## #
##...#....##### ##.##..###


You could see 2 orc knights, a troll, a warg (unaware), an orc warrior, an orc
priest, an orc wizard and an orc.

Vanquished Creatures
  Snorg (D:10)
  A fire dragon (Lair:6)
  5 hydras
  A centaur warrior (D:11)
  2 two-headed ogres
  5 death yaks (Lair:4)
  Urug (D:12)
  An orc knight (D:10)
  A lindwurm (Lair:6)
  2 ugly things (D:11)
  An orc sorcerer (Orc:1)
  A deep elf mage (D:10)
  3 oklob plants
  2 cyclopes
  5 elephants (Lair:6)
  A centaur zombie (D:8)
  Maurice (D:10)
  4 black mambas
  2 molten gargoyles (Lair:6)
  A gargoyle (D:11)
  11 spiny frogs
  13 komodo dragons
  A tengu conjurer (D:10)
  A polar bear (Lair:6)
  A hornet (D:6)
  8 hippogriffs
  24 blink frogs
  5 dream sheep (Lair:6)
  A slime creature (D:12)
  Sigmund (D:2)
  A wraith (D:11)
  29 yaks
  3 wyverns
  4 steam dragons
  8 basilisks
  10 vampire mosquitoes
  3 hell hounds (Lair:6)
  5 porcupines
  27 water moccasins
  3 ice beasts
  7 orc warriors
  2 black bears
  6 sky beasts
  A phantom (D:4)
  2 necrophages
  11 centaurs
  25 wolves
  7 ogres
  12 crocodiles
  2 big kobolds
  A gnoll sergeant (D:9)
  11 bullfrogs
  2 scorpions
  9 killer bees
  14 wights
  6 howler monkeys
  5 lava snakes (Lair:6)
  2 crimson imps
  8 jellies
  2 bullfrog zombies
  5 orc priests
  11 orc wizards
  A bullfrog skeleton (D:11)
  Jessica (D:2)
  3 centaur skeletons
  4 iguanas
  Terence (D:2)
  9 worker ants
  A hound zombie (D:7)
  A worker ant zombie (D:5)
  13 gnolls
  A howler monkey zombie (D:7)
  19 adders
  2 howler monkey skeletons
  A shadow imp (D:8)
  15 oozes
  2 worms
  5 dart slugs
  6 leopard geckos
  49 orcs
  A giant cockroach (D:5)
  10 goblins
  5 hobgoblins
  4 jackals
  2 quokkas
  2 ball pythons (Lair:3)
  8 bats
  3 frilled lizards
  21 kobolds
  4 rats
  4 fungi
  8 plants
557 creatures vanquished.

Vanquished Creatures (others)
  24 fungi
  15 plants
39 creatures vanquished.

Grand Total: 596 creatures vanquished

Notes
Turn   | Place    | Note
-------+----------+-------------------------------------------
     0 | D:1      | vishdafish the Gnoll Fighter began the quest for the Orb.
     0 | D:1      | Reached XP level 1. HP: 23/23 MP: 1/1
    49 | D:1      | Reached XP level 2. HP: 27/29 MP: 2/2
   561 | D:2      | Reached XP level 3. HP: 35/35 MP: 3/3
   567 | D:2      | Noticed Jessica
   570 | D:2      | Killed Jessica
   570 | D:2      | Reached skill level 1 in Short Blades
   570 | D:2      | Reached skill level 1 in Axes
   570 | D:2      | Reached skill level 1 in Maces & Flails
   570 | D:2      | Reached skill level 1 in Polearms
   570 | D:2      | Reached skill level 1 in Staves
   570 | D:2      | Reached skill level 1 in Slings
   570 | D:2      | Reached skill level 1 in Bows
   570 | D:2      | Reached skill level 1 in Crossbows
   570 | D:2      | Reached skill level 1 in Throwing
   570 | D:2      | Reached skill level 1 in Dodging
   570 | D:2      | Reached skill level 1 in Stealth
   570 | D:2      | Reached skill level 1 in Unarmed Combat
   570 | D:2      | Reached skill level 1 in Spellcasting
   570 | D:2      | Reached skill level 1 in Invocations
   570 | D:2      | Reached skill level 1 in Evocations
   576 | D:2      | Noticed Terence
   587 | D:2      | Reached XP level 4. HP: 34/41 MP: 5/5
   614 | D:2      | Killed Terence
   614 | D:2      | Reached skill level 1 in Conjurations
   614 | D:2      | Reached skill level 1 in Hexes
   614 | D:2      | Reached skill level 1 in Charms
   614 | D:2      | Reached skill level 1 in Summonings
   614 | D:2      | Reached skill level 1 in Necromancy
   614 | D:2      | Reached skill level 1 in Translocations
   614 | D:2      | Reached skill level 1 in Transmutations
   614 | D:2      | Reached skill level 1 in Fire Magic
   614 | D:2      | Reached skill level 1 in Ice Magic
   614 | D:2      | Reached skill level 1 in Air Magic
   614 | D:2      | Reached skill level 1 in Earth Magic
   614 | D:2      | Reached skill level 1 in Poison Magic
   614 | D:2      | Reached XP level 5. HP: 27/47 MP: 6/6
   774 | D:2      | Found a glowing golden altar of the Shining One.
   945 | D:2      | Noticed Sigmund
   958 | D:2      | Killed Sigmund
   958 | D:2      | Reached XP level 6. HP: 33/53 MP: 8/8
  1336 | D:3      | Reached skill level 5 in Long Blades
  2289 | D:4      | Reached XP level 7. HP: 59/59 MP: 10/10
  2612 | D:4      | Reached XP level 8. HP: 63/67 MP: 12/12
  3090 | D:5      | Entered Level 5 of the Dungeon
  3610 | D:6      | Found a stormy altar of Qazlal.
  3677 | D:6      | Noticed a hornet
  3696 | D:6      | Killed a hornet
  4044 | D:6      | Identified a scroll of acquirement
  4089 | D:6      | Reached XP level 9. HP: 72/72 MP: 14/14
  5346 | D:7      | Reached skill level 5 in Invocations
  5593 | D:7      | Found a staircase to the Ecumenical Temple.
  5602 | Temple   | Entered the Ecumenical Temple
  5706 | Temple   | Became a worshipper of Gozag Ym Sagoz the Greedy
  5799 | D:7      | Reached XP level 10. HP: 41/80 MP: 17/17
  6205 | D:8      | Found a shattered altar of Ashenzari.
  6298 | D:8      | Noticed a two-headed ogre
  6302 | D:8      | Killed a two-headed ogre
  6302 | D:8      | Reached skill level 5 in Short Blades
  6302 | D:8      | Reached skill level 5 in Axes
  6302 | D:8      | Reached skill level 5 in Maces & Flails
  6302 | D:8      | Reached skill level 5 in Polearms
  6302 | D:8      | Reached skill level 5 in Staves
  6302 | D:8      | Reached skill level 5 in Slings
  6302 | D:8      | Reached skill level 5 in Bows
  6302 | D:8      | Reached skill level 5 in Crossbows
  6302 | D:8      | Reached skill level 5 in Throwing
  6302 | D:8      | Reached skill level 5 in Dodging
  6302 | D:8      | Reached skill level 5 in Stealth
  6302 | D:8      | Reached skill level 5 in Unarmed Combat
  6302 | D:8      | Reached skill level 5 in Spellcasting
  6302 | D:8      | Reached skill level 5 in Evocations
  6311 | D:8      | Found Biaqiphe's Assorted Antiques.
  6317 | D:8      | Bought a scorched bone ring for 145 gold pieces
  6317 | D:8      | Bought a scroll labeled DIAPNA JOMEM for 29 gold pieces
  6317 | D:8      | Bought a forked lead wand for 116 gold pieces
  6318 | D:8      | Identified the cursed ring "Zocaicun" {Int-2 Dex+3} (You
                  | bought it in a shop on level 8 of the Dungeon)
  6354 | D:8      | Found Hugigg's Magic Scroll Boutique.
  6362 | D:8      | Bought a scroll of fear for 56 gold pieces
  6363 | D:8      | Noticed a cyclops
  6373 | D:8      | Killed a cyclops
  6526 | D:8      | Found Teonocs's Weapon Emporium.
  6679 | D:8      | Found Cinek's Book Emporium.
  7251 | D:9      | Found a runed translucent gate.
  7251 | D:9      | Found a runed translucent gate.
  7251 | D:9      | Found a runed translucent gate.
  7251 | D:9      | Noticed DungeonDestroyer's ghost (novice MiFi)
  7287 | D:9      | Found Fumeod's General Store.
  7295 | D:9      | Bought a scroll of enchant weapon for 82 gold pieces
  7295 | D:9      | Bought a throwing net for 33 gold pieces
  7305 | D:9      | Noticed a two-headed ogre
  7315 | D:9      | Killed a two-headed ogre
  7315 | D:9      | Reached XP level 11. HP: 87/87 MP: 19/19
  7418 | D:9      | Noticed a cyclops
  7443 | D:9      | Killed a cyclops
  7525 | D:9      | Reached skill level 5 in Conjurations
  7525 | D:9      | Reached skill level 5 in Hexes
  7525 | D:9      | Reached skill level 5 in Charms
  7525 | D:9      | Reached skill level 5 in Summonings
  7525 | D:9      | Reached skill level 5 in Necromancy
  7525 | D:9      | Reached skill level 5 in Translocations
  7525 | D:9      | Reached skill level 5 in Transmutations
  7525 | D:9      | Reached skill level 5 in Fire Magic
  7525 | D:9      | Reached skill level 5 in Ice Magic
  7525 | D:9      | Reached skill level 5 in Air Magic
  7525 | D:9      | Reached skill level 5 in Earth Magic
  7525 | D:9      | Reached skill level 5 in Poison Magic
  7941 | D:9      | Found a staircase to the Lair.
  8081 | D:10     | Entered Level 10 of the Dungeon
  8118 | D:10     | Found a staircase to the Orcish Mines.
  8118 | D:10     | Found Huegikan's Armour Shoppe.
  8119 | D:10     | Noticed an orc knight
  8396 | D:10     | Killed an orc knight
  8467 | D:10     | Noticed Snorg
  8477 | D:10     | Killed Snorg
  8632 | D:10     | Found Cuddagav's Food Shoppe.
  8738 | D:10     | Noticed a deep elf mage
  8739 | D:10     | Noticed a sixfirhy
  8882 | D:10     | Killed a deep elf mage
  8901 | D:10     | Noticed Maurice
  8943 | D:10     | Killed Maurice
  9956 | D:11     | Noticed a purple ugly thing
  9964 | D:11     | Killed a purple ugly thing
  9964 | D:11     | Reached XP level 12. HP: 79/96 MP: 22/22
 10032 | D:11     | Noticed a centaur warrior
 10041 | D:11     | Killed a centaur warrior
 10604 | D:12     | Noticed Urug
 10784 | D:12     | Killed Urug
 11246 | Lair:1   | Entered Level 1 of the Lair of Beasts
 12031 | Lair:1   | Found a deep blue altar of Sif Muna.
 12176 | Lair:2   | Reached skill level 10 in Fighting
 12176 | Lair:2   | Reached skill level 10 in Armour
 12176 | Lair:2   | Reached skill level 10 in Shields
 12177 | Lair:2   | Found a frozen archway.
 12203 | Lair:2   | Noticed a four-headed hydra
 13189 | Lair:2   | Killed a two-headed hydra
 13189 | Lair:2   | Reached XP level 13. HP: 87/103 MP: 24/24
 14674 | Lair:3   | Found a staircase to the Snake Pit.
 15586 | Lair:4   | Found a shimmering altar of Xom.
 15714 | Lair:4   | Found a staircase to the Swamp.
 16147 | Lair:5   | Bought a potion of ambrosia for 144 gold pieces
 16147 | Lair:5   | Bought a scroll of vulnerability for 135 gold pieces
 16156 | Lair:5   | Bought a scroll of fear for 115 gold pieces
 16156 | Lair:5   | Bought a scroll labeled BIUWONILOAS for 33 gold pieces
 16262 | Lair:5   | Reached XP level 14. HP: 102/111 MP: 26/26
 16433 | Lair:5   | Found a viscous altar of Jiyva.
 16434 | Lair:5   | Found a staircase to the Slime Pits.
 17216 | Lair:6   | Entered Level 6 of the Lair of Beasts
 17545 | Lair:6   | Reached skill level 10 in Long Blades
 18601 | Lair:6   | Reached skill level 10 in Invocations
 18804 | Lair:6   | Found a large runed translucent door.
 19423 | Lair:6   | Found a large runed translucent door.
 20040 | Orc:1    | Entered Level 1 of the Orcish Mines
 20040 | Orc:1    | Found Ushewog's Gadget Emporium.
 20084 | Orc:1    | Demolished by an orc knight

Skill      XL: |  1  2  3  4  5  6  7  8  9 10 11 12 13 14 |
---------------+-------------------------------------------+-----
Short Blades   | 1 2 3 4 5 6 7 8 9 |  9.3
Axes           | 1 2 3 4 5 6 7 8 9 |  9.3
Maces & Flails | 1 2 3 4 5 6 7 8 9 |  9.3
Polearms       | 1 2 3 4 5 6 7 8 9 |  9.3
Staves         | 1 2 3 4 5 6 7 8 9 |  9.3
Slings         | 1 2 3 4 5 6 7 8 9 |  9.3
Bows           | 1 2 3 4 5 6 7 8 9 |  9.3
Crossbows      | 1 2 3 4 5 6 7 8 9 |  9.3
Throwing       | 1 2 3 4 5 6 7 8 9 |  9.3
Dodging        | 1 2 3 4 5 6 7 8 9 |  9.3
Stealth        | 1 2 3 4 5 6 7 8 9 |  9.3
Unarmed Combat | 1 2 3 4 5 6 7 8 9 |  9.3
Spellcasting   | 1 2 3 4 5 6 7 8 9 |  9.3
Invocations    | 1 2 3 4 5 6 7 8 9 10 | 10.1
Evocations     | 1 2 3 4 5 6 7 8 9 |  9.3
Conjurations   | 1 2 3 4 5 6 7 |  7.8
Hexes          | 1 2 3 4 5 6 7 |  7.8
Charms         | 1 2 3 4 5 6 7 |  7.8
Summonings     | 1 2 3 4 5 6 7 |  7.8
Necromancy     | 1 2 3 4 5 6 7 |  7.8
Translocations | 1 2 3 4 5 6 7 |  7.8
Transmutations | 1 2 3 4 5 6 7 |  7.8
Fire Magic     | 1 2 3 4 5 6 7 |  7.8
Ice Magic      | 1 2 3 4 5 6 7 |  7.8
Air Magic      | 1 2 3 4 5 6 7 |  7.8
Earth Magic    | 1 2 3 4 5 6 7 |  7.8
Poison Magic   | 1 2 3 4 5 6 7 |  7.8
Long Blades    | 5 6 7 8 9 10 | 10.3
Fighting       | 7 8 9 10 11 | 11.2
Armour         | 7 8 9 10 11 | 11.2
Shields        | 7 8 9 10 11 | 11.2

Action                   |  1- 3 |  4- 6 |  7- 9 | 10-12 | 13-15 || total
-------------------------+-------+-------+-------+-------+-------++-------
Melee: Long sword        |    60 |   167 |   387 |   278 |       ||   892
       Bite              |     6 |    25 |    68 |   183 |   131 ||   413
       Dagger            |       |       |    62 |       |       ||    62
       Scimitar          |       |       |       |   226 |       ||   226
       War axe           |       |       |       |   170 |   830 ||  1000
       Double sword      |       |       |       |   181 |       ||   181
Throw: Javelin           |       |       |       |     5 |    20 ||    25
       Throwing net      |       |       |       |     2 |     1 ||     3
Invok: Call Merchant     |       |       |       |       |     3 ||     3
       Potion Petition   |       |       |       |       |     1 ||     1
Evoke: Wand              |       |       |     3 |    19 |    16 ||    38
  Use: Scroll            |       |     6 |    10 |     5 |     4 ||    25
       Potion            |       |       |     4 |     5 |     4 ||    13
 Stab: Distracted        |       |       |       |     5 |     9 ||    14
       Held in net/web   |       |       |       |     1 |       ||     1
       Paralysed         |       |       |       |    10 |    19 ||    29
       Invisible         |       |       |       |       |    10 ||    10
       Fleeing           |       |       |       |       |     1 ||     1
  Eat: Chunk             |       |     4 |     9 |       |       ||    13
       Ration            |       |       |     1 |     7 |     7 ||    15
Armor: Scale mail        |    19 |    54 |       |       |       ||    73
       Plate armour      |       |     1 |   258 |   490 |   420 ||  1169
Dodge: Dodged            |    21 |    39 |   119 |   328 |   318 ||   825
Block: Shield            |    39 |    84 |   297 |   611 |   587 ||  1618
       Rpst.: Long sword |     5 |     9 |    28 |    19 |       ||    61
       Scimitar          |       |       |       |    17 |       ||    17
       Double sword      |       |       |       |    35 |       ||    35
